 Dungeon Crawl Stone Soup version 0.31.0-32-g396128a36d (webtiles) character file.

Game seed: 1648228886873562726

15032 concernfroge the Nimble (level 12, -31/97 HPs)
             Began as a Merfolk Shapeshifter on Apr 24, 2024.
             Was an Elder of Elyvilon.
             Annihilated by a white ugly thing (43 damage)
             ... on level 11 of the Dungeon.
             The game lasted 00:52:59 (12721 turns).

concernfroge the Nimble (Merfolk Shapeshifter)     Turns: 12721, Time: 00:52:59

Health: -31/97     AC:  3    Str: 23    XL:     12   Next: 22%
Magic:  14/14      EV: 24    Int:  9    God:    Elyvilon [****..]
Gold:   678        SH:  0    Dex: 16    Spells: 11/11 levels left

rFire   + .          .
                       - Unarmed
rCold   x . .        (shield currently unavailable)
rNeg    . . .        a - melded +0 animal skin
rPois   .            (helmet restricted)
rElec   .            A - +0 cloak
rCorr   .            (no gloves)
SInv    .            s - +1 pair of boots
Will    .....        y - amulet of the acrobat
Stlth   ++           j - ring of protection from fire
HPRegen 0.36/turn    r - +6 ring of strength
MPRegen 0.14/turn

%: acrobat
@: flux-form, glowing
A: glow, contaminating, (nimble swimmer 2), mertail, antennae 1, low MP 1, cold
vulnerability 1, MP-powered wands
a: Begin Untransformation, Renounce Religion, Purification, Heal Other, Heal
Self


You were on level 11 of the Dungeon.
You worshipped Elyvilon.
Elyvilon was greatly pleased with you.
You were something dangerously unstable.
You visited 2 branches of the dungeon, and saw 12 of its levels.
You also visited: Ossuary.

You collected 678 gold pieces.

Inventory:

Missiles
 i - 4 throwing nets (quivered)
Armour
 a - a +0 animal skin (melded)
 b - quicksilver dragon scales
 e - a +3 troll leather armour {Snorg}
 m - the +1 helmet "Nuskel" {rElec}
   (You took it off Robin on level 3 of the Dungeon)

   rElec:     It insulates you from electricity.
 s - a +1 pair of boots (worn)
 A - a +0 cloak (worn)
 J - a +1 robe of positive energy
 M - a +2 robe of cold resistance
Jewellery
 f - a +4 ring of protection
 j - a ring of protection from fire (left hand)
 o - a ring of ice
 r - a +6 ring of strength (right hand)
 y - an amulet of the acrobat (around neck)
 L - a ring of ice
 N - an amulet of magic regeneration
Talismans
 c - a beast talisman
 d - a flux talisman (active)
Wands
 h - a wand of polymorph (3)
 D - a wand of flame (7)
 E - a wand of charming (9)
Scrolls
 g - 7 scrolls of teleportation
 k - 4 scrolls of immolation
 p - 2 scrolls of noise
 q - 2 scrolls of torment {unknown}
 u - 2 scrolls of poison
 w - a scroll of blinking
 z - 2 scrolls of fog {unknown}
 G - a scroll of silence {unknown}
 K - a scroll of identify
Potions
 l - a potion of attraction
 v - a potion of magic {unknown}
 x - 3 potions of heal wounds
 B - 2 potions of enlightenment {unknown}
 C - a potion of ambrosia
 F - a potion of mutation
 H - a potion of haste
 I - a potion of degeneration {unknown}


   Skills:
 - Level 10.0 Fighting
 - Level 14.0 Dodging
 - Level 8.4 Stealth
 - Level 10.0 Unarmed Combat
 - Level 6.0 Invocations
 + Level 8.3 Shapeshifting


You had 11 spell levels left.
You didn't know any spells.
Your spell library contained the following spells:

 Spells                   Type           Power      Damage    Failure   Level
 Magic Dart               Conj           0%         1d3       38%         1
 Sandblast                Erth           0%         2d4       38%         1
 Searing Ray              Conj           0%         2d4       52%         2
 Ozocubu's Armour         Ice            0%         N/A       77%         3
 Passwall                 Erth           0%         N/A       77%         3
 Stone Arrow              Conj/Erth      0%         3d7       77%         3
 Summon Ice Beast         Ice/Summ       0%         N/A       77%         3
 Brom's Barrelling Bould  Conj/Erth      0%         2d3       99%         4
 Fulminant Prism          Conj/Alch      0%         3d5       99%         4
 Metabolic Englaciation   Hex/Ice        0%         N/A       100%        5
 Summon Mana Viper        Hex/Summ       0%         N/A       100%        5
 Sculpt Simulacrum        Ice/Alch       0%         N/A       100%        6
 Monstrous Menagerie      Summ           0%         N/A       100%        7


Dungeon Overview and Level Annotations

Branches:
Dungeon (11/15)            Temple (1/1) D:5         Ossuary (visited)
   Lair: D:8-11         Orc: D:9-12

Altars:
Ashenzari
Cheibriados
Dithmenos
Elyvilon
Fedhas
Gozag
Hepliaklqana
Kikubaaqudgha
Makhleb
Nemelex Xobeh
Okawaru
Qazlal
Ru
Sif Muna
Trog
Uskayaw
Vehumet
Wu Jian
Xom
Yredelemnul
Zin
The Shining One

Portals:
Trove: D:10 (give +5 demon blade)

Annotations:
D:3 1 runed translucent door, exclusion: door, Crazy Yiuf
D:8 3 runed translucent doors, exclusion: 3 doors, Tripb85's ghost, novice MiBe


Innate Abilities, Weirdness & Mutations

You are something dangerously unstable.
You glow with magical radiation, making you easy to see and hit.
Foes you strike become dangerously contaminated with magical radiation.
You are incapable of wielding weapons or throwing items.
((You are very nimble when in or above water. (Stealth+, EV+, Speed+++)))
Your lower body shifts to a powerful aquatic tail in water.
You have a pair of small antennae on your head.
Your magical capacity is low. (-10% MP)
You are vulnerable to cold. (rC-)
You expend magic power (3 MP) to strengthen your wands.


Message History

The komodo dragon completely misses you.
You punch the komodo dragon!
The komodo dragon begins to glow.
The komodo dragon is severely wounded.
The komodo dragon bites you!
You punch the komodo dragon!
The komodo dragon glows dangerously bright.
The komodo dragon is almost dead.
The komodo dragon misses you.
You punch the komodo dragon!
You kill the komodo dragon!
No target in view!
Found a stone staircase leading up.
A red ugly thing comes into view.
The red ugly thing gurgles horribly!
You punch the red ugly thing!
The red ugly thing begins to glow.
The red ugly thing is lightly wounded.
The red ugly thing punches you.
You are engulfed in flames.
You resist.
You hit the red ugly thing.
The red ugly thing glows dangerously bright.
The red ugly thing is moderately wounded.
The red ugly thing punches you.
You are engulfed in flames!
You resist.
You hit the red ugly thing.
The red ugly thing shudders as magic cascades through it!!
The red ugly thing basks in the mutagenic energy and changes!
The white ugly thing is severely wounded.
You hit the white ugly thing.
The white ugly thing begins to glow.
The white ugly thing is severely wounded.
The white ugly thing pecks you! The white ugly thing freezes you!!
You feel a terrible chill!
You are too injured to fight recklessly!
You hit the white ugly thing but do no damage.
The white ugly thing glows dangerously bright.
The white ugly thing is severely wounded.
The white ugly thing pecks you. The white ugly thing freezes you!!
You feel a terrible chill!
* * * LOW HITPOINT WARNING * * *
You feel much better. The white ugly thing pecks you!
* * * LOW HITPOINT WARNING * * *
The white ugly thing freezes you!!!
You feel a terrible chill!
You die...

.# .. .#
### #.. .#
.... #.<
.# #...#..
.# #...#.#
.#
....'.##u#
#..p.#
#....#
#.##.#
#....#
#....#
'####.#..#
......#..#
.###.....#
.........#


You could see a white ugly thing (heavy contam).

Vanquished Creatures
  Fannar (D:10)
  A tengu warrior (D:11)
  5 two-headed ogres
  A cyclops (D:8)
  A black mamba (shapeshifter) (D:8)
  A gargoyle (D:10)
  An unseen horror (D:10)
  Jeremiah (D:6)
  An efreet (D:8)
  A komodo dragon (D:11)
  A troll (D:9)
  A hornet (D:9)
  15 yaks
  Sigmund (D:3)
  A vampire (D:9)
  2 wyverns
  A basilisk (D:11)
  Grum (D:10)
  2 steam dragons (D:9)
  An acid dragon (D:9)
  A water moccasin (D:7)
  2 sky beasts
  6 orc warriors
  A black bear (D:6)
  An ogre (D:6)
  4 wolves (D:9)
  6 centaurs
  A kobold brigand (D:8)
  8 bullfrogs
  2 scorpions
  A gnoll sergeant (D:6)
  2 water moccasin zombies (Ossuary)
  A burial acolyte (Ossuary)
  7 wights
  10 killer bees
  8 howler monkeys
  2 bombardier beetles (D:6)
  2 jellies
  5 orc priests
  A spectral scorpion (Ossuary)
  A gnoll bouda (D:7)
  5 hounds
  Jessica (D:3)
  A sleepcap (D:7)
  Ijyb (D:4)
  Terence (D:3)
  4 iguanas
  9 orc wizards
  A crocodile zombie (Ossuary)
  3 mummies
  Robin (D:3)
  11 gnolls
  4 adders
  A shadow imp (D:8)
  2 ufetubi (D:6)
  2 adder zombies (Ossuary)
  A ribbon worm (D:2)
  4 dart slugs
  28 orcs
  4 bats
  5 endoplasms
  2 giant cockroaches
  24 goblins
  14 hobgoblins
  4 jackals (D:5)
  8 kobolds
  4 quokkas
  4 ball pythons
  2 frilled lizards
  11 gnoll zombies (Ossuary)
  4 jackal zombies (Ossuary)
  2 orc zombies (Ossuary)
  4 rats
284 creatures vanquished.

Notes
Turn   | Place    | Note
-------+----------+-------------------------------------------
     0 | D:1      | concernfroge the Merfolk Shapeshifter began the quest for
                  | the Orb.
     0 | D:1      | Reached XP level 1. HP: 15/15 MP: 1/1
   186 | D:1      | Reached XP level 2. HP: 19/21 MP: 2/2
   316 | D:1      | Reached skill level 5 in Shapeshifting
   586 | D:1      | Reached XP level 3. HP: 26/26 MP: 3/3
  1032 | D:2      | Reached XP level 4. HP: 32/32 MP: 4/4
  1657 | D:3      | Identified the +1 helmet "Nuskel" {rElec}
  1657 | D:3      | Noticed Robin
  1677 | D:2      | Reached XP level 5. HP: 12/37 MP: 5/5
  1805 | D:3      | Killed Robin
  1886 | D:3      | Noticed Sigmund
  1969 | D:3      | Noticed Jessica
  1973 | D:3      | Noticed Terence
  1991 | D:3      | Killed Terence
  1993 | D:3      | Gained mutation: Your magical capacity is low. (-10% MP)
                  | [potion of mutation]
  1993 | D:3      | Gained mutation: You expend magic power (3 MP) to
                  | strengthen your wands. [potion of mutation]
  1993 | D:3      | Gained mutation: You are vulnerable to cold. (rC-) [potion
                  | of mutation]
  1993 | D:3      | Gained mutation: You have a pair of small antennae on your
                  | head. [potion of mutation]
  2010 | D:3      | Killed Jessica
  2060 | D:3      | Found a runed translucent door.
  2061 | D:3      | Noticed Crazy Yiuf
  2395 | D:4      | Reached XP level 6. HP: 33/47 MP: 5/5
  2956 | D:4      | Found a sand-covered staircase.
  2965 | D:4      | Reached skill level 5 in Fighting
  2968 | Ossuary  | Entered an ossuary
  3121 | Ossuary  | Reached XP level 7. HP: 56/56 MP: 6/6
  3218 | Ossuary  | Reached skill level 5 in Unarmed Combat
  3218 | Ossuary  | Reached skill level 3 in Dodging
  3352 | Ossuary  | Reached skill level 4 in Dodging
  3455 | D:4      | Found an ornate altar of the Wu Jian Council.
  3631 | D:4      | Noticed Ijyb
  3649 | D:4      | Killed Ijyb
  3726 | D:5      | Entered Level 5 of the Dungeon
  3800 | D:5      | Reached skill level 5 in Dodging
  3833 | D:5      | Found a snail-covered altar of Cheibriados.
  3885 | D:5      | Found a basalt altar of Yredelemnul.
  4070 | D:5      | Found a staircase to the Ecumenical Temple.
  4155 | Temple   | Entered the Ecumenical Temple
  4163 | Temple   | Became a worshipper of Elyvilon the Healer
  4443 | D:6      | Reached XP level 8. HP: 61/62 MP: 0/7
  4718 | D:6      | Reached * piety under Elyvilon
  4741 | D:6      | Reached skill level 5 in Stealth
  5467 | D:6      | Noticed Jeremiah
  5822 | D:7      | Reached XP level 9. HP: 27/74 MP: 2/8
  6124 | D:7      | Found a shimmering altar of Xom.
  6565 | D:7      | Reached skill level 6 in Dodging
  6583 | D:7      | Reached skill level 7 in Dodging
  6734 | D:6      | Reached skill level 8 in Dodging
  6961 | D:7      | Reached XP level 10. HP: 80/80 MP: 9/9
  7336 | D:8      | Found a runed translucent gate.
  7336 | D:8      | Found a runed translucent gate.
  7337 | D:8      | Found a runed translucent gate.
  7346 | D:8      | Reached ** piety under Elyvilon
  7392 | D:8      | Noticed Tripb85's ghost (novice MiBe)
  7447 | D:8      | Noticed a two-headed ogre
  7456 | D:8      | Killed a two-headed ogre
  7489 | D:8      | Noticed a two-headed ogre
  7489 | D:8      | Noticed a two-headed ogre
  7493 | D:8      | Noticed a cyclops
  7498 | D:8      | Noticed a two-headed ogre
  7805 | D:9      | Found a flagged portal.
  7861 | D:8      | Reached skill level 10 in Fighting
  8638 | D:9      | Reached skill level 10 in Unarmed Combat
  8836 | D:9      | Reached *** piety under Elyvilon
  8933 | D:9      | Reached skill level 9 in Dodging
  8933 | D:9      | Reached XP level 11. HP: 86/90 MP: 9/9
  9311 | D:10     | Entered Level 10 of the Dungeon
  9372 | D:10     | Reached skill level 10 in Dodging
  9376 | D:10     | Noticed Grum
  9520 | D:10     | Killed Grum
  9521 | D:10     | Reached skill level 1 in Invocations
  9539 | D:10     | Noticed a two-headed ogre
  9573 | D:10     | Found a radiant altar of Vehumet.
  9798 | D:10     | Found a portal to a secret trove of treasure.
  9804 | D:10     | Reached **** piety under Elyvilon
  9838 | D:10     | Found a glowing silver altar of Zin.
  9959 | D:10     | Killed a two-headed ogre
 10048 | D:10     | Noticed Fannar
 10126 | D:8      | Found a blossoming altar of Fedhas.
 10127 | D:8      | Found a sacrificial altar of Ru.
 10157 | D:8      | Reached skill level 5 in Invocations
 10221 | D:8      | Killed a cyclops
 10248 | D:8      | Killed a two-headed ogre
 10331 | D:8      | Reached skill level 11 in Dodging
 10345 | D:8      | Killed a two-headed ogre
 10479 | D:8      | Reached skill level 12 in Dodging
 11377 | D:6      | Killed Jeremiah
 11378 | D:6      | Reached skill level 13 in Dodging
 11886 | D:3      | Killed Sigmund
 11887 | D:3      | Reached XP level 12. HP: 86/97 MP: 11/14
 12102 | D:10     | Killed Fannar
 12268 | D:11     | Noticed a two-headed ogre
 12274 | D:11     | Killed a two-headed ogre
 12275 | D:11     | Reached skill level 14 in Dodging
 12476 | D:11     | Noticed a tengu warrior
 12483 | D:11     | Noticed Snorg
 12498 | D:11     | Killed a tengu warrior
 12502 | D:11     | Snorg changed into Snorg the ball python
 12502 | D:11     | Noticed Snorg
 12504 | D:11     | Killed Snorg the ball python
 12721 | D:11     | Annihilated by a white ugly thing

Illustrated notes

Levels and vault maps discovered:
D:1:      tekkud_arrival_beachfront_property, layout_loops_ring,
          minmay_tree_intersection
D:2:      minmay_spotlight, layout_basic
D:3:      layout_rooms, minmay_misc_feat_more_columns, hangedman_decor_riveting,
          kennysheep_generic_room_10, uniq_robin, uniq_crazy_yiuf_cottage,
          uniq_terence, uniq_jessica, uniq_sigmund
D:4:      kennysheep_the_goblin_king, layout_loops_ring,
          pdpol_wu_jian_five_deadly_venoms, gup_ossuary_entry_pyramid
D:5:      layout_loops_ring, mainiacjoe_overflow_large_starburst,
          minmay_temple_entry_water_ring, serial_glass, glass_columns_c,
          glass_columns_a
D:6:      nicolae_cairo_tiling_very_big, layout_loops_ring, uniq_jeremiah
D:7:      layout_basic, xom_butterflies, nicolae_zig_zag_zippers
D:8:      layout_loops_ring, grunt_temple_overflow_open, gammafunk_ghost_icy,
          nicolae_doodle_vault
D:9:      layout_grid_maze, enter_bailey_5
D:10:     layout_cave_pools, kennysheep_little_box,
          mainiacjoe_overflow_small_starburst, enter_trove_2, uniq_fannar,
          uniq_grum
D:11:     layout_stronghold, david_lair_shrubbed, uniq_snorg
Temple:   nicolae_temple_two_arcs

Skill      XL: |  1  2  3  4  5  6  7  8  9 10 11 12 |
---------------+-------------------------------------+-----
Shapeshifting  | 5 6 7 8 |  8.3
Fighting       | 3 5 8 10 | 10.0
Unarmed Combat | 4 5 8 10 | 10.0
Dodging        | 5 8 9 13 14 | 14.0
Stealth        | 3 5 7 8 |  8.4
Invocations    | 6 |  6.0

Action                     |  1- 3 |  4- 6 |  7- 9 | 10-12 || total
---------------------------+-------+-------+-------+-------++-------
  Melee: Unarmed           |    83 |   212 |   419 |   518 ||  1232
         Punch             |     1 |     2 |     1 |       ||     4
 Invoke: Purification      |       |       |       |     8 ||     8
         Heal Self         |       |       |       |     1 ||     1
  Evoke: Wand              |       |       |    24 |    12 ||    36
    Use: Potion            |       |     5 |     6 |     6 ||    17
         Scroll            |       |     3 |       |    10 ||    13
   Stab: Distracted        |     1 |       |       |     1 ||     2
         Sleeping          |     2 |     1 |     2 |     2 ||     7
         Invisible         |       |     1 |       |    10 ||    11
 Armour: Animal skin       |    33 |    44 |       |       ||    77
         Skin              |       |    41 |   171 |   188 ||   400
  Dodge: Dodged            |    42 |   147 |   353 |   511 ||  1053
   Form: Flux              |       |     1 |       |       ||     1
